 Dungeon Sprint DCSS version 0.28-a0-247-gb8bfbab023 (webtiles) character file.

Game seed: 10171490364270473091

242 MikeHunt the Severer (level 9, -11/81 HPs)
             Began as a Minotaur Gladiator on Aug 25, 2021.
             Was an Initiate of Gozag.
             Mangled by a naga (27 damage)
             ... in the Dungeon (Sprint VI: "Thunderdome").
             The game lasted 00:06:28 (467 turns).

MikeHunt the Severer (Minotaur Gladiator)            Turns: 467, Time: 00:06:28

Health: -11/81     AC: 13    Str: 36    XL:     9   Next: 28%
Magic:  8/8        EV: 12    Int:  5    God:    Gozag
Gold:   235        SH:  7    Dex: 16    Spells: 8/8 levels left

rFire   + . .      SeeInvis +   r - +0 broad axe
rCold   + . .      Faith    .   t - +2 buckler "Irax" {rC+ Will+ Str+4}
rNeg    . . .      Spirit   .   u - +0 plate armour
rPois   .          Reflect  .   c - +0 hat
rElec   +          Harm     .   (no cloak)
rCorr   .          Rampage  +   (no gloves)
Will    +....      NoTele   +   (no boots)
Stlth   ..........              o - amulet of Owuufam {Rampage Regen+ Str+5}
HPRegen 1.23/turn               q - ring of Moral Flaws {rElec Dex+6 SInv}
MPRegen 0.11/turn               p - ring of Memnuw {rF+ Str+7 Dex-4}

@: lethally poisoned (-11 -> -12), gold aura, constricted
A: horns 2, retaliatory headbutt
a: Renounce Religion, Potion Petition, Call Merchant, Bribe Branch


You were in the Dungeon.
You worshipped Gozag.
Gozag was aware of your devotion.
You visited 1 branch You collected 2067 gold pieces.
You spent 1832 gold pieces at shops.

Inventory:

Hand Weapons
 a - a +0 war axe
 r - a +0 broad axe (weapon)
Missiles
 d - 3 throwing nets (quivered)
Armour
 b - a +0 leather armour
 c - a +0 hat (worn)
 s - a +0 buckler
 t - the +2 buckler "Irax" (worn) {rC+ Will+ Str+4}
   (You bought it in a shop in the Dungeon)

   Str:       It affects your strength (+4).
   rC:        It protects you from cold.
   Will:      It increases your willpower.
 u - a +0 plate armour (worn)
Jewellery
 o - the amulet of Owuufam (around neck) {Rampage Regen+ Str+5}
   (You bought it in a shop in the Dungeon)

   [amulet of regeneration]

   Str:       It affects your strength (+5).
   Regen:     It increases your rate of health regeneration.
   Rampage:   It bestows one free step when moving towards enemies.
 p - the ring of Memnuw (right hand) {rF+ Str+7 Dex-4}
   (You bought it in a shop in the Dungeon)

   [ring of protection from fire]

   Str:       It affects your strength (+7).
   Dex:       It affects your dexterity (-4).
   rF:        It protects you from fire.
 q - the ring of Moral Flaws (left hand) {rElec Dex+6 SInv}
   (You bought it in a shop in the Dungeon)

   [ring of dexterity]

   Dex:       It affects your dexterity (+6).
   rElec:     It insulates you from electricity.
   SInv:      It lets you see invisible.
Wands
 k - a wand of iceblast (5)
 l - a wand of acid (5)
Scrolls
 j - 4 scrolls of blinking
 m - 2 scrolls of fog
Potions
 e - a potion of curing
 f - 11 potions of heal wounds
 g - 4 potions of haste
 h - 2 potions of magic
 i - a potion of berserk rage
 n - a potion of resistance


   Skills:
 + Level 7.8 Fighting
 + Level 15.4 Axes
 - Level 2.5 Throwing
 + Level 6.9 Armour
 - Level 13.2 Dodging
 - Level 4.0 Shields


You had 8 spell levels left.
You didn't know any spells.
Your spell library was empty.

Dungeon Overview and Level Annotations

Branches:
Dungeon (1/1)

Altars:
Cheibriados
Dithmenos
Fedhas
Gozag
Kikubaaqudgha
Makhleb
Okawaru
Qazlal
Ru
Sif Muna
Trog
Uskayaw
Vehumet
Wu Jian
Xom
Yredelemnul
Zin
The Shining One
Beogh
Jiyva
Lugonu

Shops:
D *[??*?*:[((!!!!


Innate Abilities, Weirdness & Mutations

You have a pair of horns on your head.
You reflexively headbutt those who attack you in melee.


Message History

The naga spits poison at you.
The splash of poison hits you but does no damage.
You are poisoned.
The naga warlord hits you with a +0 dire flail!!
The naga warlord grabs you. The naga warlord constricts you.
You slash the naga warlord!
The naga warlord is lightly wounded.
You feel sick.
The naga warlord roars a battlecry!
The naga goes into a battle-frenzy!
The naga warlord constricts you.
You are too injured to fight recklessly!
You are too injured to fight recklessly!
You are too injured to fight recklessly!
You slice the naga warlord!! Your headbutt misses the naga warlord.
The naga warlord is moderately wounded.
You feel sick.
You hit the naga warlord but do no damage.
The naga warlord is moderately wounded.
You feel sick. The naga warlord spits poison at you.
The splash of poison misses you. The naga warlord constricts you.
You slice the naga warlord!!
The naga warlord is heavily wounded.
You feel sick. The naga warlord barely misses you.
The naga warlord constricts you.
You barely miss the naga warlord.
The naga warlord is heavily wounded.
You feel sick.
The naga warlord hits you with a +0 dire flail!!
* * * LOW HITPOINT WARNING * * *
The naga warlord constricts you.
* * * LOW HITPOINT WARNING * * *
You slice the naga warlord!! Your headbutt misses the naga warlord.
The naga warlord is severely wounded.
You block the naga warlord's attack. The naga warlord constricts you.
* * * LOW HITPOINT WARNING * * *
The naga hits you from afar with a +0 trident!!
You die...
Your body crumbles into a pile of gold.

##⌠⌠⌠## #.....# ##.....##
##∩.....∩## #∩.......∩#
#_......._# #_......._#
#_......._# ###....@.N..###
#⌠....N......§#
######.8.........8.######
##.__.......###......_._∩##
###∩........8.# #.8........∩###
##............)###.............##
#⌠..........###...###..........⌠#
#⌠..........# #.<.# #..........⌠#
#⌠..........###...###..........⌠#


You could see a naga warlord and a naga (strong, catching breath).

Vanquished Creatures
  A cyclops (D)
  A merfolk siren (D)
  A naga mage (D)
  A wyvern (D)
  A centaur (D)
  A scorpion (D)
  6 orc priests (D)
  5 worms (D)
  3 giant cockroaches (D)
20 creatures vanquished.

Notes
Turn   | Place    | Note
-------+----------+-------------------------------------------
     0 | D        | MikeHunt the Minotaur Gladiator began the quest for the
                  | Orb.
     0 | D        | Reached XP level 1. HP: 18/18 MP: 0/0
     1 | D        | Found a basalt altar of Yredelemnul.
     1 | D        | Found a stormy altar of Qazlal.
     2 | D        | Found an ornate altar of the Wu Jian Council.
     3 | D        | Found a shimmering altar of Xom.
     4 | D        | Found Rakag's Identification Station.
     4 | D        | Found a bloodstained altar of Trog.
     5 | D        | Found Guxufe's Advanced Armour.
     5 | D        | Found Fyach's Jewellery.
     5 | D        | Found a shadowy altar of Dithmenos.
     5 | D        | Round 1.
     6 | D        | Found Sibasemu's Premium Goods.
     7 | D        | Found an opulent altar of Gozag.
     7 | D        | Found a glowing golden altar of the Shining One.
     7 | D        | Found a shimmering blue altar of Sif Muna.
     7 | D        | Found Tazoh's Weapon Rack.
     7 | D        | Found Gemmao's Miscellaneous Merchandise.
     7 | D        | Found Uhoxt's Basic Armour.
    11 | D        | Found an ancient bone altar of Kikubaaqudgha.
    12 | D        | Found a hide-covered altar of Uskayaw.
    15 | D        | Became a worshipper of Gozag Ym Sagoz the Greedy
    18 | D        | Found a glowing silver altar of Zin.
    18 | D        | Found Japhasch's Do-It-Yourself Clinic.
    18 | D        | Found Zoudun's Bottled Wisdom.
    19 | D        | Found Pocagh's Distillery.
    20 | D        | Found an iron altar of Okawaru.
    20 | D        | Found a radiant altar of Vehumet.
    20 | D        | Found Leuk's Distillery.
    31 | D        | Found a burning altar of Makhleb.
    32 | D        | Found a blossoming altar of Fedhas.
    36 | D        | Reached skill level 4 in Axes
    38 | D        | Found a sacrificial altar of Ru.
    39 | D        | Found a viscous altar of Jiyva.
    40 | D        | Found a corrupted altar of Lugonu.
    40 | D        | Found a snail-covered altar of Cheibriados.
    41 | D        | Found Fomyg's Magic Scroll Shop.
    41 | D        | Found Nuxyit's Staff Store.
    42 | D        | Found Wuem's Magic Scroll Shop.
    42 | D        | Found Ypsores's Must-Have Magic.
   121 | D        | Bought a bound diamond amulet for 45 gold pieces
   121 | D        | Identified the amulet of Owuufam {Rampage Regen+ Str+5}
                  | (You bought it in a shop in the Dungeon)
   126 | D        | Bought a crude lapis lazuli ring for 45 gold pieces
   126 | D        | Identified the ring of Memnuw {rF+ Str+7 Dex-4} (You bought
                  | it in a shop in the Dungeon)
   126 | D        | Bought a crude marble ring for 45 gold pieces
   126 | D        | Identified the ring of Moral Flaws {rElec Dex+6 SInv} (You
                  | bought it in a shop in the Dungeon)
   154 | D        | Reached XP level 2. HP: 26/26 MP: 1/1
   159 | D        | Arena points: 12 (+12) [x2]
   160 | D        | Reached skill level 5 in Axes
   189 | D        | Bought a potion of experience for 300 gold pieces
   189 | D        | Reached skill level 8 in Axes
   189 | D        | Reached XP level 3. HP: 31/31 MP: 2/2
   202 | D        | Round 2.
   221 | D        | Noticed a scorpion
   228 | D        | Reached skill level 9 in Axes
   229 | D        | Killed a scorpion
   230 | D        | Reached skill level 10 in Axes
   230 | D        | Reached XP level 4. HP: 34/38 MP: 3/3
   246 | D        | Bought a +0 broad axe for 120 gold pieces
   247 | D        | Bought a +0 buckler for 54 gold pieces
   268 | D        | Arena points: 42 (+30) [x3]
   283 | D        | Round 3.
   284 | D        | Noticed a centaur
   284 | D        | Noticed a wyvern
   284 | D        | Noticed a cyclops
   296 | D        | Killed a wyvern
   297 | D        | Reached skill level 10 in Dodging
   297 | D        | Reached XP level 5. HP: 25/45 MP: 4/4
   298 | D        | Killed a cyclops
   299 | D        | Reached skill level 12 in Axes
   299 | D        | Reached XP level 6. HP: 28/51 MP: 5/5
   299 | D        | Reached XP level 7. HP: 31/57 MP: 6/6
   302 | D        | Reached skill level 13 in Axes
   309 | D        | Bought a distressingly furry buckler for 332 gold pieces
   309 | D        | Identified the +2 buckler "Irax" {rC+ Will+ Str+4} (You
                  | bought it in a shop in the Dungeon)
   313 | D        | Noticed a merfolk siren
   327 | D        | Killed a merfolk siren
   328 | D        | Reached skill level 14 in Axes
   338 | D        | Arena points: 102 (+60) [x4]
   343 | D        | Bought a +0 plate armour for 276 gold pieces
   353 | D        | Round 4.
   365 | D        | Reached skill level 1 in Armour
   365 | D        | Reached XP level 8. HP: 57/66 MP: 7/7
   397 | D        | Arena points: 242 (+140) [x5]
   414 | D        | Bought 3 potions of heal wounds for 105 gold pieces
   414 | D        | Bought 3 potions of heal wounds for 105 gold pieces
   414 | D        | Bought 3 potions of heal wounds for 105 gold pieces
   415 | D        | Bought a potion of experience for 300 gold pieces
   415 | D        | Reached skill level 15 in Axes
   415 | D        | Reached skill level 5 in Armour
   415 | D        | Reached XP level 9. HP: 78/78 MP: 8/8
   423 | D        | Round 5.
   441 | D        | Noticed a naga mage
   446 | D        | Killed a naga mage
   456 | D        | Noticed a naga warlord
   467 | D        | Mangled by a naga

Illustrated notes

Levels and vault maps discovered:
D:        arena_sprint

Skill      XL: |  1  2  3  4  5  6  7  8  9 |
---------------+----------------------------+-----
Fighting       | 3 6 7 |  7.8
Axes           | 4 8 10 12 14 15 | 15.4
Dodging        | 4 8 9 10 12 13 | 13.2
Shields        | 4 |  4.0
Armour         | 1 5 6 |  6.9
Throwing       | |  2.5

Action                   |  1- 3 |  4- 6 |  7- 9 || total
-------------------------+-------+-------+-------++-------
Melee: War axe           |    18 |    10 |     9 ||    37
       Headbutt          |     4 |     2 |     7 ||    13
       Broad axe         |       |       |    23 ||    23
  Use: Potion            |     1 |     2 |     1 ||     4
       Scroll            |       |     1 |       ||     1
Armor: Leather armour    |     2 |     5 |       ||     7
       Plate armour      |       |       |     3 ||     3
Dodge: Dodged            |     8 |    25 |    13 ||    46
Block: Buckler           |       |     2 |     3 ||     5

Table legend: (Time is in decaauts)
 A = Elapsed time spent in this place.
 B = Non-inter-level travel time spent in this place.
 C = Inter-level travel time spent in this place.
 D = Time resting spent in this place.
 E = Time spent auto-exploring this place.
 F = Levels seen in this place.
 G = Mean time per level.
                   A        B        C        D        E       F      G
               +--------+--------+--------+--------+--------+-----+--------+
         Total |    465 |    465 |      0 |      0 |      4 |   1 |  465.0 |
       Dungeon |    465 |    465 |      0 |      0 |      4 |   1 |  465.0 |
               +--------+--------+--------+--------+--------+-----+--------+

Top non-repeatable levels by time:
       D: 465 daAuts
